 Dungeon Crawl Stone Soup version 0.28-a0-1190-g77e1c55843 (webtiles) character file.

Game seed: 9960452067848409992

107 ChaosChampion the Insei (level 4, -10/37 HPs)
             Began as a Draconian Transmuter on Dec 18, 2021.
             Was an Initiate of Ru.
             Mangled by an orc warrior (16 damage)
             ... on level 4 of the Dungeon.
             The game lasted 00:05:43 (3173 turns).

ChaosChampion the Insei (Draconian Transmuter)      Turns: 3173, Time: 00:05:44

Health: -10/37     AC:  9    Str: 12    XL:     4   Next: 57%
Magic:  7/7        EV: 12    Int: 15    God:    Ru [......]
Gold:   60         SH:  0    Dex: 12    Spells: 1/7 levels left

rFire   . . .      SeeInvis .     - Unarmed
rCold   . . .      Faith    .   (no shield)
rNeg    . . .      Spirit   .   (armour unavailable)
rPois   .          Reflect  .   (helmet restricted)
rElec   .          Harm     .   (no cloak)
rCorr   .          Rampage  .   (no gloves)
Will    .....                   (no boots)
Stlth   +.........              (no amulet)
HPRegen 0.12/turn               i - +4 ring of protection
MPRegen 0.10/turn               (no ring)

@: on berserk cooldown, slowed, very slow
A: AC +5, unfitting armour, cold-blooded
a: Renounce Religion


You were on level 4 of the Dungeon.
You worshipped Ru.
Ru was noncommittal.
You visited 1 branch of the dungeon, and saw 4 of its levels.

You collected 60 gold pieces.

Inventory:

Missiles
 h - 21 poisoned darts (quivered)
Jewellery
 i - a +4 ring of protection (left hand)
Wands
 j - a wand of acid (11)
Scrolls
 a - 2 scrolls of teleportation {unknown}
 b - a scroll of enchant armour {unknown}
 d - a scroll of holy word {unknown}
 f - a scroll of noise {unknown}
Potions
 e - a potion of heal wounds {unknown}
 g - a potion of degeneration {unknown}


   Skills:
 + Level 2.4 Fighting
 - Level 1.7 Dodging
 * Level 4.4 Unarmed Combat
 - Level 2.0 Spellcasting
 + Level 2.9 Transmutations


You had one spell level left.
You knew the following spells:

 Your Spells              Type           Power      Damage    Failure   Level
a - Beastly Appendage     Tmut           20%        N/A       7%          1
b - Wereblood             Tmut           10%        N/A       11%         2
c - Spider Form           Tmut/Pois      5%         N/A       36%         3

Your spell library contained the following spells:

 Spells                   Type           Power      Damage    Failure   Level
 Magic Dart               Conj           4%         1d3       22%         1
 Searing Ray              Conj           2%         2d4       32%         2
 Ice Form                 Ice/Tmut       5%         N/A       77%         4
 Fulminant Prism          Conj/Hex       0%         3d6       91%         4
 Leda's Liquefaction      Hex/Erth       0%         N/A       91%         4
 Lee's Rapid Deconstruct  Erth           0%         3d5*      99%         5
 Statue Form              Tmut/Erth      3%         N/A       100%        6


Dungeon Overview and Level Annotations

Branches:
Dungeon (4/15)
 Temple: D:4-7

Altars:
Ru
Uskayaw

Shops:
D:2 (


Innate Abilities, Weirdness & Mutations

Your plain brown scales are hard. (AC +5)
You cannot fit into any form of body armour.
You are cold-blooded and may be slowed by cold attacks.


Message History

The killer bee is heavily wounded.
You feel sick.
You are no longer poisoned.
The killer bee misses you. The killer bee barely misses you.
It was a potion of berserk rage.
A red film seems to cover your vision as you go berserk!
You feel yourself moving faster!
You feel mighty!
The killer bee stings you but does no damage.
The killer bee completely misses you.
You barely miss the killer bee. You tail-slap the killer bee!
The killer bee is almost dead.
The killer bee closely misses you.
You barely miss the killer bee.
The killer bee is almost dead.
The killer bee barely misses you.
You miss the killer bee.
The killer bee is almost dead.
The killer bee barely misses you.
You punch the killer bee!
You kill the killer bee!
Your life force feels restored.
You have reached level 4!
You feel agile.
You are too berserk!
The kobold throws a stone.
The stone hits you but does no damage.
You feel a strong urge to attack something.
You hit the kobold.
You kill the kobold!
You hit the kobold.
You kill the kobold!
Your transformation is almost over.
You feel a strong urge to attack something.
You are no longer berserk.
You are exhausted.
You feel yourself slow down.
Your horns disappear.
Your talons disappear.
The orc warrior hits you with a +0 war axe.
* * * LOW HITPOINT WARNING * * *
The orc warrior hits you with a +0 war axe!
You die...

#......# #.# #......# #.#
#########......###.## #
#...................######...
####..............####...#......
..).............#.# #.#..#
......######..#.#.# #.##.#
......#### #..#)..# #....#
.........# #....@#######..#.#
..[...##.###.###o#..........#
#+#...##.....# #.#.###.##.###
##...#########.# ###.##.#
#....)........# #<..##.#
##.############ ######.# #.##
..# #K.# ## ######.#


You could see an orc warrior.

Vanquished Creatures
  A killer bee (D:4)
  An ufetubus (D:4)
  2 orcs (D:3)
  4 ball pythons
  2 bats
  2 endoplasms
  4 giant cockroaches
  5 goblins
  6 hobgoblins
  4 jackals
  5 frilled lizards
  8 kobolds
  7 rats
51 creatures vanquished.

Notes
Turn   | Place    | Note
-------+----------+-------------------------------------------
     0 | D:1      | ChaosChampion the Draconian Transmuter began the quest for
                  | the Orb.
     0 | D:1      | Reached XP level 1. HP: 16/16 MP: 3/3
   180 | D:1      | Reached XP level 2. HP: 23/23 MP: 3/5
   565 | D:1      | Found a faded altar of an unknown god.
   717 | D:1      | Learned a level 2 spell: Wereblood
   984 | D:2      | Found Xiuduj's Weapon Shoppe.
  1181 | D:2      | Reached XP level 3. HP: 25/25 MP: 6/6
  1923 | D:3      | Found a sacrificial altar of Ru.
  1932 | D:3      | Became a worshipper of Ru the Awakened
  2020 | D:3      | Found a hide-covered altar of Uskayaw.
  2220 | D:3      | Noticed a necrophage
  2552 | D:2      | Learned a level 3 spell: Spider Form
  2778 | D:2      | Reached skill level 4 in Unarmed Combat
  3138 | D:4      | Noticed an orc warrior
  3138 | D:4      | Noticed a killer bee
  3158 | D:4      | Killed a killer bee
  3159 | D:4      | Reached XP level 4. HP: 8/37 MP: 5/7
  3173 | D:4      | Mangled by an orc warrior

Illustrated notes

Levels and vault maps discovered:
D:1:      amcnicky_arrival_flooded_fountain, layout_basic,
          hellmonk_ecumenical_altar_dog_temple
D:2:      layout_basic, serial_shops, shop
D:3:      layout_basic, nicolae_uskayaw_dance_hall, nicolae_ru_path_of_blood
D:4:      layout_basic, mainiacjoe_overflow_chevrons, minmay_temple_entry_wispy,
          minmay_divided_ellipse

Skill      XL: |  1  2  3 |
---------------+----------+-----
Fighting       | 2 |  2.4
Unarmed Combat | 4 |  4.4
Dodging        | |  1.7
Spellcasting   | |  2.0
Transmutations | |  2.9

Action                   |  1- 3 |  4- 6 || total
-------------------------+-------+-------++-------
Melee: Unarmed           |   153 |     2 ||   155
       Kick              |    16 |       ||    16
       Headbutt          |    10 |       ||    10
       Tailslap          |     9 |       ||     9
       Punch             |     3 |       ||     3
Throw: Dart              |     4 |       ||     4
 Cast: Beastly Appendage |    28 |       ||    28
       Wereblood         |     6 |       ||     6
  Use: Potion            |     1 |       ||     1
Armor: Skin              |    57 |     1 ||    58
Dodge: Dodged            |   135 |       ||   135

Table legend: (Time is in decaauts)
 A = Elapsed time spent in this place.
 B = Non-inter-level travel time spent in this place.
 C = Inter-level travel time spent in this place.
 D = Time resting spent in this place.
 E = Time spent auto-exploring this place.
 F = Levels seen in this place.
 G = Mean time per level.
                   A        B        C        D        E       F      G
               +--------+--------+--------+--------+--------+-----+--------+
         Total |   3165 |   3123 |     42 |      0 |   2089 |   4 |  791.2 |
       Dungeon |   3165 |   3123 |     42 |      0 |   2089 |   4 |  791.2 |
               +--------+--------+--------+--------+--------+-----+--------+

Top non-repeatable levels by time:
     D:3: 1365 daAuts
     D:1: 930 daAuts
     D:2: 726 daAuts
     D:4: 142 daAuts
